AoeStats
← internet-shop24

Black Forest

506379784Analyzed
3v3 RM · 18d ago on Sep 13, 2026· 56m 23s· 6 players
Game mode
Random Map
Map size
Normal (6 player)
Population
200
Speed
Normal
Resources
Standard
Victory
Conquest
Starting age
Dark Age
Ending age
Imperial Age
RankedLock teamsTeams togetherTeam positionsShared explorationLock speedFull tech treeHidden civsTurbo modeCheats
Victory
Defeat
🇮🇹 Turks · Italy
613
+14
🇩🇪 Hindustanis · Germany
602
+14
🇺🇸 Burmese · United States
425
+22
🇪🇸 Saracens · Spain
572
-17
🇫🇷 Goths · France
570
-17
🇩🇪 Vietnamese · Germany
536
-16
AgateCentaur448
20:59 Feudal Age
27:23 Double-Bit Axe
27:23 Horse Collar
33:09 Wheelbarrow
37:13 Castle Age
36:37 Town Watch
41:30 Hand Cart
44:04 Gold Mining
53:46 Elite Skirmisher
mr.slimani.brahim
16:26 Feudal Age
17:47 Horse Collar
17:59 Double-Bit Axe
19:51 Wheelbarrow
25:43 Man-at-Arms
26:30 Gold Mining
26:31 Stone Mining
39:05 Castle Age
40:13 Hand Cart
40:12 Bow Saw
40:59 Caravan
41:08 Pikeman
41:49 Squires
44:22 Ballistics
Pottaro
0:43 Loom
12:56 Feudal Age
15:56 Wheelbarrow
16:41 Double-Bit Axe
16:40 Horse Collar
18:44 Scale Mail Armor
21:59 Forging
24:17 Fletching
24:28 Padded Archer Armor
24:35 Scale Barding Armor
26:36 Gold Mining
26:37 Stone Mining
30:28 Castle Age
32:33 Caravan
33:04 Coinage
33:19 Heavy Plow
33:32 Bow Saw
33:41 Hand Cart
34:08 Pikeman
34:50 Squires
34:36 Arson
42:09 Bloodlines
41:19 Light Cavalry
44:12 Husbandry
46:32 Elite Skirmisher
55:22 Imperial Age
internet-shop24
14:36 Feudal Age
21:41 Castle Age
19:58 Horse Collar
20:07 Double-Bit Axe
20:49 Stone Mining
22:39 Wheelbarrow
22:38 Heavy Plow
26:38 Loom
31:31 Bow Saw
34:09 Caravan
41:26 Imperial Age
38:44 Town Watch
39:51 Hand Cart
40:17 Grand Trunk Road
41:36 Coinage
42:33 Stone Shaft Mining
41:49 Gold Mining
43:32 Two-Man Saw
45:23 Chemistry
44:43 Ballistics
44:38 Forging
44:28 Scale Mail Armor
44:33 Scale Barding Armor
46:06 Gold Shaft Mining
47:37 Banking
47:35 Guard Tower
47:55 Fortified Wall
47:57 Masonry
47:58 Siege Engineers
47:49 Murder Holes
48:04 Clinker Construction
48:05 Careening
48:55 Town Patrol
49:35 Hoardings
49:05 Shatagni
49:26 Conscription
51:18 Elite Ghulam
53:15 Siege Elephant
53:16 Onager
jrb9er
12:28 Feudal Age
18:15 Castle Age
18:16 Horse Collar
26:17 Imperial Age
24:36 Heavy Plow
27:50 Wheelbarrow
27:49 Gold Mining
28:38 Pikeman
30:16 Stone Mining
31:02 Gold Shaft Mining
36:32 Elite Arambai
41:16 Elite Battle Elephant
44:24 Scale Barding Armor
44:21 Scale Mail Armor
47:30 Manipur Cavalry
49:41 Hand Cart
52:49 Chain Barding Armor
52:44 Chain Mail Armor
52:40 Forging
52:42 Capped Ram
salvo.anfuso
0:37 Loom
12:48 Feudal Age
19:21 Man-at-Arms
27:23 Castle Age
26:29 Horse Collar
26:55 Double-Bit Axe
29:26 Caravan
34:46 Wheelbarrow
36:50 Hand Cart
38:54 Bow Saw
39:23 Coinage
43:19 Imperial Age
44:19 Sipahi
44:47 Forging
44:28 Fletching
44:39 Padded Archer Armor
44:39 Scale Mail Armor
44:46 Scale Barding Armor
45:14 Banking
48:09 Two-Man Saw
46:59 Town Watch
47:18 Elite Janissary
48:53 Guilds
52:14 Gold Mining
55:47 Chain Barding Armor
55:43 Chain Mail Armor
55:44 Leather Archer Armor
55:25 Bodkin Arrow
56:09 Iron Casting
56:12 Gold Shaft Mining
Connection lost

Rejoining the realm…

Still unreachable

The connection could not be restored.

Session expired

The server has moved on; the page needs a fresh start.